| TOP OF THE 1ST |
|
Kelowna Heat batting - Pitching for Palm Beach Nationals : RHP Kiyonaga Nakamura
|
|
Pitching: RHP Kiyonaga Nakamura
|
|
|
Batting: LHB Mason Duffy
|
0-0: SINGLE (Flyball, 34D, EV 90.0 MPH)
|
|
Batting: RHB Josh Truell
|
0-0: Ball 1-0: SINGLE (Groundball, 56S, EV 71.2 MPH) (infield hit) Mason Duffy to second
|
|
Batting: LHB Mike Roberts
|
0-0: Ball 1-0: Foul Ball, location: 2F 1-1: Foul Ball, location: 2F 1-2: Grounds into double play, 4-6-3 (Groundball, 4, EV 86.9 MPH) Mason Duffy to third
|
|
Batting: RHB Zach Maguire
|
0-0: Called Strike 0-1: Ball 1-1: Ball 2-1: Ground out 5-3 (Groundball, 56S, EV 92.5 MPH)
|
| Top of the 1st over - 0 runs, 2 hits, 0 errors, 1 left on base; Kelowna 0 - Palm Beach 0 |
| BOTTOM OF THE 1ST |
|
Palm Beach Nationals batting - Pitching for Kelowna Heat : LHP Robert Soto
|
|
Pitching: LHP Robert Soto
|
|
|
Batting: RHB Taffounnout Kame
|
0-0: Fly out, F9 (Line Drive, 9S, EV 90.0 MPH)
|
|
Batting: RHB Aaron Bateman
|
0-0: Foul Ball, location: 2F 0-1: Ground out 4-3 (Groundball, 4, EV 91.2 MPH)
|
|
Batting: LHB Chris Williams
|
0-0: Called Strike 0-1: Ball 1-1: Ground out 4-3 (Groundball, 4D, EV 99.4 MPH)
|
| Bottom of the 1st over - 0 runs, 0 hits, 0 errors, 0 left on base; Kelowna 0 - Palm Beach 0 |
| TOP OF THE 2ND |
|
Kelowna Heat batting - Pitching for Palm Beach Nationals : RHP Kiyonaga Nakamura
|
|
Batting: RHB Tony Harper
|
0-0: Ball 1-0: Ball 2-0: Ball 3-0: Base on Balls
|
|
Batting: RHB Ryan Roberts
|
0-0: Ball 1-0: Foul Ball, location: 2F 1-1: Ball 2-1: Called Strike 2-2: Strikes out swinging
|
|
Batting: RHB Vinny Torres
|
0-0: Called Strike 0-1: Ball 1-1: Ball 2-1: Reached on error, E5 (Groundball, 56, EV 80.6 MPH) Tony Harper to second
|
|
Batting: RHB Armando Ramirez
|
0-0: Ball 1-0: Grounds into double play, 6-4-3 (Groundball, 6, EV 85.0 MPH)
|
| Top of the 2nd over - 0 runs, 0 hits, 1 error, 1 left on base; Kelowna 0 - Palm Beach 0 |
| BOTTOM OF THE 2ND |
|
Palm Beach Nationals batting - Pitching for Kelowna Heat : LHP Robert Soto
|
|
Batting: RHB Er Le
|
0-0: Ground out 5-3 (Groundball, 56, EV 98.1 MPH)
|
|
Batting: RHB Steve Kunselman
|
0-0: Called Strike 0-1: Foul Ball, location: 2F 0-2: SOLO HOME RUN (Flyball, 9D, EV 100.0 MPH), Distance : 373 ft
|
|
Batting: SHB John Husson
|
0-0: Ball 1-0: Ball 2-0: Called Strike 2-1: Foul Ball, location: 2F 2-2: Foul Ball, location: 2F 2-2: Foul Ball, location: 2F 2-2: Ground out 6-3 (Groundball, 6, EV 92.5 MPH)
|
|
Batting: RHB Kenny Ball
|
0-0: Foul Ball, location: 2F 0-1: Swinging Strike 0-2: Strikes out swinging
|
| Bottom of the 2nd over - 1 run, 1 hit, 0 errors, 0 left on base; Kelowna 0 - Palm Beach 1 |
| TOP OF THE 3RD |
|
Kelowna Heat batting - Pitching for Palm Beach Nationals : RHP Kiyonaga Nakamura
|
|
Batting: RHB Malik Sharpless
|
0-0: SINGLE (Groundball, 34D, EV 95.0 MPH)
|
|
Batting: LHB Mason Duffy
|
0-0: Called Strike 0-1: Ball 1-1: Ball 2-1: Fielders Choice at 2nd, 6-4 (Groundball, 6, EV 106.2 MPH)
|
|
Batting: RHB Josh Truell
|
0-0: Called Strike 0-1: Called Strike Mason Duffy is caught stealing 2nd base 2-4 0-2: Ball 1-2: Ground out 6-3 (Groundball, 6, EV 88.8 MPH)
|
| Top of the 3rd over - 0 runs, 1 hit, 0 errors, 0 left on base; Kelowna 0 - Palm Beach 1 |
| BOTTOM OF THE 3RD |
|
Palm Beach Nationals batting - Pitching for Kelowna Heat : LHP Robert Soto
|
|
Batting: RHB Joe Simmelink
|
0-0: Ball 1-0: Ball 2-0: Ball 3-0: Base on Balls
|
|
Batting: RHB Akira Ishihara
|
0-0: Called Strike 0-1: Foul Ball, location: 2F 0-2: Strikes out swinging
|
|
Batting: RHB Taffounnout Kame
|
0-0: Called Strike 0-1: Fly out, F7 (Flyball, 78M, EV 87.5 MPH)
|
|
Batting: RHB Aaron Bateman
|
0-0: Ground out 4-3 (Groundball, 34S, EV 82.5 MPH)
|
| Bottom of the 3rd over - 0 runs, 0 hits, 0 errors, 1 left on base; Kelowna 0 - Palm Beach 1 |
| TOP OF THE 4TH |
|
Kelowna Heat batting - Pitching for Palm Beach Nationals : RHP Kiyonaga Nakamura
|
|
Batting: LHB Mike Roberts
|
0-0: Ball 1-0: SINGLE (Groundball, 4MD, EV 99.4 MPH)
|
|
Batting: RHB Zach Maguire
|
0-0: Ball 1-0: SINGLE (Groundball, 56D, EV 96.9 MPH) Mike Roberts to second
|
|
Batting: RHB Tony Harper
|
0-0: SINGLE (Line Drive, 8RS, EV 105.6 MPH) Mike Roberts to third Zach Maguire to second
|
|
Batting: RHB Ryan Roberts
|
0-0: Foul Ball, location: 2F 0-1: Foul Ball, location: 2F 0-2: Ball 1-2: Strikes out looking
|
|
Batting: RHB Vinny Torres
|
0-0: Ball 1-0: Fly out, F8 (Flyball, 8RD, EV 95.0 MPH) Runner from 3rd tags up, OUT at HOME! 8-2
|
| Top of the 4th over - 0 runs, 3 hits, 0 errors, 2 left on base; Kelowna 0 - Palm Beach 1 |
| BOTTOM OF THE 4TH |
|
Palm Beach Nationals batting - Pitching for Kelowna Heat : LHP Robert Soto
|
|
Batting: LHB Chris Williams
|
0-0: Ball 1-0: Ball 2-0: Called Strike 2-1: Foul Ball, location: 2F 2-2: Ball 3-2: Fly out, F9 (Flyball, 9D, EV 93.8 MPH)
|
|
Batting: RHB Er Le
|
0-0: Ground out 3-1 (Groundball, 34S, EV 67.5 MPH)
|
|
Batting: RHB Steve Kunselman
|
0-0: Ball 1-0: Ball 2-0: Fly out, F3 (Popup, 3SF, EV 86.9 MPH)
|
| Bottom of the 4th over - 0 runs, 0 hits, 0 errors, 0 left on base; Kelowna 0 - Palm Beach 1 |
| TOP OF THE 5TH |
|
Kelowna Heat batting - Pitching for Palm Beach Nationals : RHP Kiyonaga Nakamura
|
|
Now in LF: Chad Madsen
|
|
|
Now in CF: Steve Kunselman
|
|
|
Batting: RHB Armando Ramirez
|
0-0: Swinging Strike 0-1: Ball 1-1: Ball 2-1: Fly out, F9 (Flyball, 89D, EV 91.9 MPH)
|
|
Batting: RHB Malik Sharpless
|
0-0: Fly out, F5 (Line Drive, 5L, EV 70.6 MPH)
|
|
Batting: LHB Mason Duffy
|
0-0: Swinging Strike 0-1: DOUBLE (Line Drive, 89D, EV 107.5 MPH)
|
|
Batting: RHB Josh Truell
|
0-0: Ground out 6-3 (Groundball, 6, EV 91.2 MPH)
|
| Top of the 5th over - 0 runs, 1 hit, 0 errors, 1 left on base; Kelowna 0 - Palm Beach 1 |
| BOTTOM OF THE 5TH |
|
Palm Beach Nationals batting - Pitching for Kelowna Heat : LHP Robert Soto
|
|
Batting: SHB John Husson
|
0-0: Ball 1-0: Foul Ball, location: 2F 1-1: DOUBLE (Line Drive, 3D, EV 99.4 MPH)
|
|
Batting: RHB Kenny Ball
|
0-0: Foul Ball, location: 2F 0-1: Swinging Strike 0-2: Ball 1-2: Foul Ball, location: 2F 1-2: DOUBLE (Flyball, 8RD, EV 98.8 MPH) John Husson scores
|
|
Batting: RHB Chad Madsen
|
0-0: Ball 1-0: Fly out, F8 (Line Drive, 8RD, EV 93.8 MPH)
|
|
Batting: RHB Akira Ishihara
|
0-0: Fly out, F8 (Flyball, 78M, EV 85.0 MPH)
|
|
Batting: RHB Taffounnout Kame
|
0-0: Ball 1-0: Foul Ball, location: 2F 1-1: Swinging Strike Passed Ball! Kenny Ball to third 1-2: Ball 2-2: Foul Ball, location: 2F 2-2: Ball 3-2: Foul Ball, location: 2F 3-2: Strikes out swinging
|
| Bottom of the 5th over - 1 run, 2 hits, 0 errors, 1 left on base; Kelowna 0 - Palm Beach 2 |
| TOP OF THE 6TH |
|
Kelowna Heat batting - Pitching for Palm Beach Nationals : RHP Kiyonaga Nakamura
|
|
Batting: LHB Mike Roberts
|
0-0: Ball 1-0: Ball 2-0: Foul Ball, location: 2F 2-1: Ball 3-1: Base on Balls
|
|
Batting: RHB Zach Maguire
|
0-0: Ball Wild Pitch! Mike Roberts to second 1-0: Ball 2-0: Ball 3-0: Called Strike 3-1: Base on Balls
|
|
Pitching: RHP Jessie Fisher
|
|
|
Batting: RHB Tony Harper
|
0-0: Foul Ball, location: 2F 0-1: Foul Ball, location: 2F 0-2: Ball 1-2: Foul Ball, location: 2F 1-2: SINGLE (Flyball, 34D, EV 85.6 MPH) Mike Roberts to third Zach Maguire to second
|
|
Batting: RHB Ryan Roberts
|
0-0: Swinging Strike 0-1: Ball 1-1: Ball 2-1: Ball 3-1: Fly out, F9 (Flyball, 89S, EV 88.1 MPH)
|
|
Pinch Hitting: RHB Jaime Rios
|
0-0: Called Strike 0-1: Ball 1-1: Called Strike 1-2: Ball 2-2: Foul Ball, location: 2F 2-2: Fly out, F9 (Flyball, 9, EV 91.2 MPH)
|
|
Pinch Hitting: LHB Alex Larangho
|
0-0: Ball 1-0: Fly out, F8 (Flyball, 8RS, EV 82.5 MPH)
|
| Top of the 6th over - 0 runs, 1 hit, 0 errors, 3 left on base; Kelowna 0 - Palm Beach 2 |
| BOTTOM OF THE 6TH |
|
Palm Beach Nationals batting - Pitching for Kelowna Heat : LHP Robert Soto
|
|
Now at 3B: Dave Putnam
|
|
|
Now in CF: Kuan Hsia
|
|
|
Batting: RHB Aaron Bateman
|
0-0: Called Strike 0-1: Called Strike 0-2: Strikes out swinging
|
|
Batting: LHB Chris Williams
|
0-0: Ball 1-0: Called Strike 1-1: Called Strike 1-2: Foul Ball, location: 2F 1-2: Strikes out swinging, 2-3 out at first.
|
|
Batting: RHB Er Le
|
0-0: Ball 1-0: Called Strike 1-1: Foul Ball, location: 2F 1-2: Foul Ball, location: 2F 1-2: Ball 2-2: Strikes out looking
|
| Bottom of the 6th over - 0 runs, 0 hits, 0 errors, 0 left on base; Kelowna 0 - Palm Beach 2 |
| TOP OF THE 7TH |
|
Kelowna Heat batting - Pitching for Palm Beach Nationals : RHP Jessie Fisher
|
|
Batting: RHB Malik Sharpless
|
0-0: Swinging Strike 0-1: SOLO HOME RUN (Flyball, 7LD, EV 95.0 MPH), Distance : 361 ft
|
|
Batting: LHB Mason Duffy
|
0-0: Called Strike 0-1: Foul Ball, location: 2F 0-2: Ball 1-2: Foul Ball, location: 2F 1-2: SINGLE (Line Drive, 89S, EV 107.5 MPH)
|
|
Batting: RHB Josh Truell
|
0-0: Ball 1-0: Ball Mason Duffy is caught stealing 2nd base 2-4 2-0: Foul Ball, location: 2F 2-1: Foul Ball, location: 2F 2-2: SINGLE (Line Drive, 8LS, EV 93.8 MPH)
|
|
Batting: LHB Mike Roberts
|
0-0: Ball 1-0: 2-RUN HOME RUN (Flyball, 9D, EV 95.0 MPH), Distance : 374 ft
|
|
Batting: RHB Zach Maguire
|
0-0: Ball 1-0: Ball 2-0: Ball 3-0: Called Strike 3-1: Called Strike 3-2: Foul Ball, location: 2F 3-2: Ground out 5-3 (Groundball, 56S, EV 85.0 MPH)
|
|
Batting: RHB Tony Harper
|
0-0: Ball 1-0: Ball 2-0: Fly out, F8 (Flyball, 8RD, EV 92.5 MPH)
|
| Top of the 7th over - 3 runs, 4 hits, 0 errors, 0 left on base; Kelowna 3 - Palm Beach 2 |
| BOTTOM OF THE 7TH |
|
Palm Beach Nationals batting - Pitching for Kelowna Heat : LHP Robert Soto
|
|
Batting: RHB Steve Kunselman
|
0-0: Ball 1-0: Ball 2-0: Foul Ball, location: 2F 2-1: Ground out 6-3 (Groundball, 6, EV 83.8 MPH)
|
|
Batting: SHB John Husson
|
0-0: Called Strike 0-1: Ball 1-1: Ball 2-1: Foul Ball, location: 2F 2-2: Ground out 6-3 (Groundball, 6, EV 108.1 MPH)
|
|
Batting: RHB Kenny Ball
|
0-0: Called Strike 0-1: Ball 1-1: Swinging Strike 1-2: Foul Ball, location: 2F 1-2: Ground out 3-1 (Groundball, 34, EV 85.0 MPH)
|
| Bottom of the 7th over - 0 runs, 0 hits, 0 errors, 0 left on base; Kelowna 3 - Palm Beach 2 |
| TOP OF THE 8TH |
|
Kelowna Heat batting - Pitching for Palm Beach Nationals : RHP Jessie Fisher
|
|
Batting: RHB Ryan Roberts
|
0-0: Foul Ball, location: 2F 0-1: Called Strike 0-2: Ball 1-2: Fly out, F9 (Flyball, 89S, EV 90.6 MPH)
|
|
Batting: RHB Dave Putnam
|
0-0: Called Strike 0-1: Called Strike 0-2: SINGLE (Groundball, 4D, EV 107.5 MPH)
|
|
Batting: LHB Kuan Hsia
|
0-0: Ball Wild Pitch! Dave Putnam to second 1-0: Called Strike 1-1: Ball 2-1: 2-RUN HOME RUN (Flyball, 89XD, EV 108.1 MPH), Distance : 421 ft
|
|
Batting: RHB Malik Sharpless
|
0-0: Foul Ball, location: 2F 0-1: Ground out 4-3 (Groundball, 4, EV 89.4 MPH)
|
|
Batting: LHB Mason Duffy
|
0-0: Ball 1-0: Called Strike 1-1: Called Strike 1-2: Fly out, F7 (Flyball, 78M, EV 88.1 MPH)
|
| Top of the 8th over - 2 runs, 2 hits, 0 errors, 0 left on base; Kelowna 5 - Palm Beach 2 |
| BOTTOM OF THE 8TH |
|
Palm Beach Nationals batting - Pitching for Kelowna Heat : LHP Robert Soto
|
|
Batting: RHB Chad Madsen
|
0-0: Ball 1-0: Ball 2-0: Called Strike 2-1: Foul Ball, location: 2F 2-2: SINGLE (Groundball, 56D, EV 96.9 MPH)
|
|
Batting: RHB Justin Davenport
|
0-0: Ball Wild Pitch! Chad Madsen to second 1-0: Swinging Strike 1-1: Foul Ball, location: 2F 1-2: Ball Passed Ball! Chad Madsen to third 2-2: Ball 3-2: Single, Error in OF, E8, batter to second base (Line Drive, 4MD, EV 96.2 MPH) Chad Madsen scores
|
|
Batting: RHB Taffounnout Kame
|
0-0: Ball 1-0: Foul Ball, location: 2F 1-1: Swinging Strike 1-2: Foul Ball, location: 2F 1-2: Ball 2-2: Ball 3-2: Base on Balls
|
|
Batting: RHB Aaron Bateman
|
0-0: Foul Ball, location: 2F 0-1: Ball 1-1: Ball 2-1: Ball 3-1: Foul Ball, location: 2F 3-2: Base on Balls Justin Davenport to third Taffounnout Kame to second
|
|
Pitching: LHP Ricky Coats
|
|
|
Pinch Hitting: RHB Vasag Semerjian
|
0-0: Fly out, F7 (Flyball, 7D, EV 83.1 MPH) Runner from 3rd tags up, SCORES, no throw by LF
|
|
Batting: RHB Er Le
|
0-0: Swinging Strike Passed Ball! Taffounnout Kame to third Aaron Bateman to second 0-1: Swinging Strike 0-2: Ball 1-2: Strikes out swinging
|
|
Batting: RHB Steve Kunselman
|
0-0: Ball 1-0: Ball 2-0: Ground out 3-1 (Groundball, 34, EV 81.2 MPH)
|
| Bottom of the 8th over - 2 runs, 2 hits, 1 error, 2 left on base; Kelowna 5 - Palm Beach 4 |
| TOP OF THE 9TH |
|
Kelowna Heat batting - Pitching for Palm Beach Nationals : RHP Jessie Fisher
|
|
Now in RF: Vince McLane
|
|
|
Batting: RHB Josh Truell
|
0-0: Ball 1-0: Fly out, F8 (Flyball, 8RD, EV 94.4 MPH)
|
|
Pitching: RHP Mike Hamilton
|
|
|
Batting: LHB Mike Roberts
|
0-0: Called Strike 0-1: Foul Ball, location: 2F 0-2: Ball 1-2: SINGLE (Groundball, 25, EV 73.1 MPH) (infield hit)
|
|
Batting: RHB Zach Maguire
|
0-0: Swinging Strike 0-1: Swinging Strike 0-2: Foul Ball, location: 2F 0-2: Foul Ball, location: 2F 0-2: Ball 1-2: Foul Ball, location: 2F 1-2: Ball 2-2: Ball 3-2: Base on Balls Mike Roberts to second
|
|
Batting: RHB Tony Harper
|
0-0: Ball 1-0: Called Strike 1-1: Foul Ball, location: 2F 1-2: Ball 2-2: Ball 3-2: SINGLE (Line Drive, 6MD, EV 100.0 MPH) Mike Roberts to third Zach Maguire to second
|
|
Batting: LHB Chris West
|
0-0: Ball 1-0: GRAND SLAM HOME RUN (Flyball, 9D, EV 96.9 MPH), Distance : 372 ft
|
|
Batting: RHB Dave Putnam
|
0-0: Ball 1-0: Ball 2-0: SINGLE (Line Drive, 6MD, EV 96.9 MPH)
|
|
Batting: LHB Kuan Hsia
|
0-0: Ball 1-0: Foul Ball, location: 2F 1-1: Foul Ball, location: 2F 1-2: Ball 2-2: Strikes out looking
|
|
Batting: RHB Malik Sharpless
|
Balk! Dave Putnam to second 0-0: Called Strike 0-1: Swinging Strike 0-2: Ball 1-2: Fly out, F7 (Flyball, 7, EV 80.6 MPH)
|
| Top of the 9th over - 4 runs, 4 hits, 0 errors, 1 left on base; Kelowna 9 - Palm Beach 4 |
| BOTTOM OF THE 9TH |
|
Palm Beach Nationals batting - Pitching for Kelowna Heat : LHP Ricky Coats
|
|
Pinch Hitting: RHB Scott Merritt
|
0-0: Called Strike 0-1: Ball 1-1: Fly out, F9 (Flyball, 89M, EV 85.0 MPH)
|
|
Batting: RHB Kenny Ball
|
0-0: Foul Ball, location: 2F 0-1: Ball 1-1: Fly out, F7 (Flyball, 78S, EV 89.4 MPH)
|
|
Batting: RHB Chad Madsen
|
0-0: Ball 1-0: DOUBLE (Line Drive, 78D, EV 102.5 MPH)
|
|
Batting: RHB Justin Davenport
|
0-0: Ball 1-0: Called Strike 1-1: Ball 2-1: Ball 3-1: 2-RUN HOME RUN (Flyball, 7D, EV 105.0 MPH), Distance : 415 ft
|
|
Pitching: LHP Jason Haas
|
|
|
Batting: RHB Taffounnout Kame
|
0-0: Called Strike 0-1: Foul Ball, location: 2F 0-2: Ball 1-2: TRIPLE (Line Drive, 89XD, EV 106.9 MPH)
|
|
Batting: RHB Aaron Bateman
|
0-0: Called Strike 0-1: Called Strike 0-2: Ball Wild Pitch! Taffounnout Kame scores 1-2: Ball 2-2: Fly out, F5 (Line Drive, 56, EV 69.4 MPH)
|
| Bottom of the 9th over - 3 runs, 3 hits, 0 errors, 0 left on base; Kelowna 9 - Palm Beach 7 |
|